Cogmind - Beta 12 @@@ ROGUE MODE // 2023.10.28 @ 04:53:31 Player: Rainynight Result: Smashed by cave-in Performance ------------- Evolutions (0) 0 Regions Visited (2) 400 Robots Destroyed (21) 105 Value Destroyed (385) 385 Prototype IDs (1) 20 Alien Tech Used (0) 0 Bonus (0) 0 TOTAL SCORE: 910 Bonus ------- None Cogmind --------- Core Integrity 0/250 Matter 234/300 Energy 243/250 System Corruption 0% Temperature Cool (0) Movement Rolling (115) Ox1 Location -10/Mines Parts ------- > --- POWER (1) -------- Ion Engine > --- PROPULSION (2) --- Light Treads Compact Wheel > --- UTILITY (2) ------ Large Storage Unit > --- WEAPON (2) ------- Assault Rifle Light Cannon > --- INVENTORY (15) --- Wheel Wheel Improved Heat Sink Large Storage Unit Large Battery (200) High-capacity Matter Pod (200) Light Armor Plating Tractor Beam Assault Rifle Hammer Hammer Peak State ------------ > --- POWER ------------ Ion Engine > --- PROPULSION ------- Light Treads Wheel > --- UTILITY ---------- Large Storage Unit Thief Drone Bay > --- WEAPON ----------- Light Cannon Light Cannon > --- INVENTORY -------- Ion Engine Light Treads Wheel Wheel Improved Heat Sink Large Storage Unit Large Battery High-capacity Matter Pod Light Armor Plating Light Armor Plating Tractor Beam Assault Rifle Assault Rifle Hammer Hammer [Rating: 14] Favorites ----------- Power Ion Engine Engine Ion Engine Propulsion Light Treads Treads Light Treads Wheel Wheel Utility Large Storage Unit Device Heat Sink Storage Large Storage Unit Processor Transport Network Coupler Protection Light Armor Plating Weapon Assault Rifle Ballistic Gun Assault Rifle Ballistic Cannon Light Cannon Impact Weapon Hammer Build | -11 -10 -10 ------- Run | Jun Mat Min Slots Evolved . | . . . Power . | . . . Propulsion . | . . . Utility . | . . . Weapon . | . . . Parts Attached 28 | 5 16 7 Power 4 | 1 2 1 Engine 4 | 1 2 1 Core . | . . . Reactor . | . . . Propulsion 7 | 2 3 2 Treads 3 | 1 1 1 Leg . | . . . Wheel 4 | 1 2 1 Hover . | . . . Flight . | . . . Utility 8 | . 5 3 Device 2 | . 1 1 Storage 2 | . 2 . Processor 1 | . 1 . Hackware . | . . . Protection 3 | . 1 2 Artifact . | . . . Weapon 9 | 2 6 1 Energy Gun . | . . . Energy Cannon . | . . . Ballistic Gun 4 | 2 1 1 Ballistic Cannon 4 | . 4 . Launcher . | . . . Special Weapon . | . . . Impact Weapon 1 | . 1 . Slashing Weapon . | . . . Piercing Weapon . | . . . Special Melee Weapon . | . . . Unidentified Prototypes 1 | . . 1 Parts Lost 6 | . . 6 Power 1 | . . 1 Propulsion 2 | . . 2 Utility 2 | . . 2 Weapon 1 | . . 1 Highest Loss Streak 6 | . . 6 To Critical Strikes . | . . . Average Slot Usage (%) 97 | . 97 96 Engine 14 | . 14 14 Treads 14 | . 14 14 Wheel 13 | . 14 12 Device 3 | . 3 1 Storage 13 | . 12 14 Processor 1 | . 2 . Protection 7 | . 7 10 Ballistic Gun 16 | . 21 . Ballistic Cannon 10 | . 6 26 Naked Turns . | . . . Heaviest Build 34 | 9 34 34 Greatest Support 20 | 20 10 20 Greatest Overweight (x) 3 | . 3 3 Average Overweight (x) 2 | . 2 2 Largest Inventory Capacity 15 | 5 15 15 Average Capacity 13 | 5 13 15 Most Carried 15 | 4 15 15 Average Carried 12 | 2 12 14 Final Capacity 15 | 5 15 15 Final Carried 15 | 4 15 11 Class Distribution -------------------- 100% | Mutant Dominant Class ---------------- Mutant | -10/Materials Mutant | -10/Mines Resources | -11 -10 -10 ----------- Run | Jun Mat Min Matter Collected 945 | 184 551 210 Remotely . | . . . Salvage Created 532 | . 484 48 Parts 44 | . 37 7 Haulers Intercepted 2 | . 2 . Recyclers Shooed . | . . . Parts Field Recycled . | . . . Retrieved Matter . | . . . Parts Self-Destructed . | . . . Prevented . | . . . Kills | -11 -10 -10 ------- Run | Jun Mat Min Combat Hostiles Destroyed 16 | . 12 4 Guns 12 | . 12 . Cannons 4 | . . 4 Classes Destroyed 7 | . 5 2 Worker 1 | . 1 . Tunneler 1 | . . 1 Hauler 2 | . 2 . Mechanic 1 | . 1 . Swarmer 9 | . 6 3 Grunt 6 | . 6 . Demolisher 1 | . . 1 Best Kill Streak 4 | . 4 4 Combat Bots Only 3 | . 3 3 Max Kills in Single Turn 1 | . 1 1 Gunslinging . | . . . Exploded . | . . . Melee . | . . . Uniques/NPCs Destroyed . | . . . Combat | -11 -10 -10 -------- Run | Jun Mat Min Damage Taken 1329 | . 486 843 Core 269 | . 103 166 Absorbed by Shields . | . . . Regen/Repaired (Parts) 132 | . 132 . Core Remaining (%) 100 | 100 . . Volleys Fired 73 | . 53 20 Largest 2 | . 2 2 Hottest 70 | . 70 70 Shots Fired 142 | . 106 36 Gun 107 | . 104 3 Cannon 35 | . 2 33 Launcher . | . . . Special . | . . . Kinetic 142 | . 106 36 Thermal . | . . . Explosive . | . . . Electromagnetic . | . . . Robot Hit Streak 12 | . 12 7 Robot Miss Streak 5 | . 5 3 Penetration Max . | . . . Secondary Targets . | . . . Shots Hit Robots 83 | . 68 15 Core Hits 29 | . 24 5 Critical Kills . | . . . Critical Parts Destroyed . | . . . Critical Strikes . | . . . Melee Attacks 2 | . 2 . Impact 2 | . 2 . Slashing . | . . . Piercing . | . . . Sneak Attacks . | . . . Combat Hostiles . | . . . Follow-up Attacks . | . . . Damage Inflicted 1068 | . 856 212 Guns 863 | . 838 25 Cannons 205 | . 18 187 Explosions . | . . . Melee . | . . . Ramming . | . . . Kinetic 1068 | . 856 212 Thermal . | . . . Explosive . | . . . Electromagnetic . | . . . Impact . | . . . Slashing . | . . . Piercing . | . . . Highest Corruption . | . . . Average Corruption . | . . . Corruption Purged . | . . . Corruption Blocked . | . . . Overload Shots . | . . . Overflow Damage 29 | . . 29 Projectiles 29 | . . 29 Explosions . | . . . Melee . | . . . Knockbacks 1 | . . 1 Impact . | . . . Kinetic 1 | . . 1 Secondary . | . . . Self-Inflicted Damage . | . . . Shots . | . . . Rammed . | . . . Targets Rammed . | . . . Kicked . | . . . Crushed . | . . . Highest Temperature 145 | . 18 145 Average Temperature 38 | . 4 53 Received Heat Transfer 147 | . 147 . Siege Activations . | . . . Robots Corrupted . | . . . Combat Hostiles . | . . . Parts Fried . | . . . Impact Corruptions . | . . . Robots Melted . | . . . Combat Hostiles . | . . . Parts Melted . | . . . Heat Transferred . | . . . Parts Sabotaged . | . . . Parts Stolen . | . . . Parts Stripped . | . . . Power Chain Reactions . | . . . Missiles Intercepted . | . . . Alert | -11 -10 -10 ------- Run | Jun Mat Min Peak Influence 252 | . 252 201 Initial 51 | . . 51 Average 113 | . 119 114 Maximum Alert Level 1 | . 1 1 Low Security (%) 87 | 100 88 81 Level 1 12 | . 11 18 Level 2 . | . . . Level 3 . | . . . Level 4 . | . . . Level 5 . | . . . High Security . | . . . Max Security . | . . . Squads Dispatched 2 | . 2 . Investigation 1 | . 1 . Extermination . | . . . Reinforcement 1 | . 1 . Assault . | . . . Garrison . | . . . Intercept . | . . . Searches Triggered . | . . . Construction Impeded . | . . . Haulers Reinforced . | . . . Active Scanning Responses . | . . . Cargo Convoy Interrupts . | . . . Stealth | -11 -10 -10 --------- Run | Jun Mat Min Distress Signals 1 | . 1 . Communications Jammed . | . . . Distress Signals . | . . . Times Spotted 29 | . 20 9 Peak Tracking Total 5 | . 5 5 Tactical Retreats 2 | . . 2 Traps | -11 -10 -10 ------- Run | Jun Mat Min Traps Triggered . | . . . Indirectly . | . . . Trap Hack Attempts . | . . . Triggered . | . . . Disarmed . | . . . Reprogrammed . | . . . Reused . | . . . Traps Extracted . | . . . Installed . | . . . Triggered . | . . . Machines | -11 -10 -10 ---------- Run | Jun Mat Min Machines Disabled . | . . . Max in Single Turn . | . . . Machines Repaired . | . . . Machines Sabotaged . | . . . Overloaded Fab Kills . | . . . Hacking | -11 -10 -10 --------- Run | Jun Mat Min Machines Accessed 10 | . 9 1 Terminals 7 | . 7 . Fabricators . | . . . Repair Stations 1 | . 1 . Recycling Units 1 | . 1 . Scanalyzers . | . . . Garrison Access . | . . . Total Hacks 33 | . 32 1 Successful 13 | . 12 1 Failed 20 | . 20 . Catastrophic 2 | . 2 . Database Lockouts . | . . . Manual 12 | . 12 . Terminals 20 | . 20 . Fabricators . | . . . Repair Stations 6 | . 6 . Recycling Units 6 | . 6 . Scanalyzers . | . . . Garrison Access . | . . . Terminal Hacks 7 | . 6 1 Part Schematic 1 | . 1 . Open Door 1 | . . 1 Terminal Index 1 | . 1 . Locate Traps 2 | . 2 . Registered Components 1 | . 1 . Zone Layout 1 | . 1 . Fabricator Hacks . | . . . Repair Station Hacks 4 | . 4 . Scan Component 2 | . 2 . Repair 2 | . 2 . Recycling Unit Hacks 1 | . 1 . Retrieve Components 1 | . 1 . Scanalyzer . | . . . Garrison Access Hacks . | . . . Unauthorized Hacks 1 | . 1 . Terminals . | . . . Fabricators . | . . . Repair Stations . | . . . Recycling Units 1 | . 1 . Reject 1 | . 1 . Scanalyzers . | . . . Garrison Access . | . . . Data Cores Recovered . | . . . Used . | . . . Hacking Detections 9 | . 9 . Full Trace Events 1 | . 1 . Feedback Events . | . . . Feedback Blocked . | . . . Robot Schematics Acquired . | . . . Robots Built . | . . . Authchips . | . . . Time . | . . . Total Robot Build Rating . | . . . Part Schematics Acquired 1 | . 1 . Parts Built . | . . . Authchips . | . . . Time . | . . . Total Part Build Rating . | . . . Parts Repaired 2 | . 2 . Time 52 | . 52 . Parts Recycled . | . . . Recycled Matter . | . . . Retrieved Matter . | . . . Retrieved Components 8 | . 8 . Parts Scanalyzed . | . . . Part Schematics Acquired . | . . . Parts Damaged . | . . . Bothacking | -11 -10 -10 ------------ Run | Jun Mat Min Used RIF Installer . | . . . Robots Hacked . | . . . Non-combat . | . . . Combat . | . . . Robot Hacks Applied . | . . . Relay Couplers Released . | . . . Fabnet Peak Effective % . | . . . Robots Rewired . | . . . Allies Hacked . | . . . Hacks Repelled . | . . . Allies | -11 -10 -10 -------- Run | Jun Mat Min Total Allies . | . . . Largest Group . | . . . Highest-Rated Group . | . . . Highest-Rated Ally . | . . . Total Orders 1 | . . 1 EXPLORE 1 | . . 1 Ally Attacks 8 | . . 8 Total Damage 52 | . . 52 Kills 1 | . . 1 Allies Corrupted . | . . . Allies Melted . | . . . Intel | -11 -10 -10 ------- Run | Jun Mat Min Robot Analysis Total . | . . . Derelict Logs Recovered 1 | . . 1 Drone Launches 3 | . . 3 Drone Recoveries . | . . . Exploration | -11 -10 -10 ------------- Run | Jun Mat Min Turns Passed 1301 | 47 970 284 Spaces Moved 813 | 39 629 145 Core 2 | 2 . . Treads 8 | 7 . 1 Legs . | . . . Wheels 803 | 30 629 144 Hover . | . . . Flight . | . . . Fastest Speed 50 | 50 80 115 Average Speed 112 | 92 110 125 Slowest Speed 240 | 160 125 240 Overloaded Moves . | . . . Propulsion Burnouts . | . . . Robots Hopped . | . . . Cave-ins Triggered 1 | . . 1 Exploration Rate (%) 60 | 3 94 84 Regions Visited 2 Branch Regions 1 Pre-discovered Areas . | . . . Known Exits Taken . | . . . Unknown Exits Taken 2 | 1 1 . Scrap Searched 1 | . . 1 Spaces Dug 2 | . 2 . Terrain Destroyed 2 | . 2 . Melee 2 | . 2 . Projectile . | . . . AOE . | . . . Terrain Rammed . | . . . Walls Destroyed . | . . . Machines Disabled . | . . . Actions | -11 -10 -10 --------- Run | Jun Mat Min Total 1055 | 47 796 212 Wait 98 | . 62 36 Move 811 | 38 628 145 Hop . | . . . Pick Up 25 | 4 20 1 Fast Attach 14 | 5 6 3 Attach 6 | . 2 4 Detach 2 | . 2 . Swap 8 | . 8 . Drop 16 | . 13 3 Fire 73 | . 53 20 Melee 2 | . 2 . Ram . | . . . Kick . | . . . Crush . | . . . Escape Stasis . | . . . Rewire . | . . . Trap . | . . . Miscellaneous . | . . . Route ------- -11/Junkyard -10/Materials (discovered 4 exits: [*Mat x3] / *Min) -10/Mines (discovered 1 exit: [*Mat]) History --------- Turn | Location | Event 21 | -11/Junkyard | Discovered new exit (range 16) 48 | -11/Junkyard | Entered Materials 130 | -10/Materials | Discovered new exit (range 7) 315 | -10/Materials | Discovered new exit (range 15) 316 | -10/Materials | Build established: Mutant 321 | -10/Materials | Repaired Lgt. Treads? 757 | -10/Materials | Discovered new exit (range 16) 862 | -10/Materials | Discovered new exit (range 13) 967 | -10/Materials | Repaired Lgt. Cannon 1018 | -10/Materials | Entered Mines 1129 | -10/Mines | Assembled infested the area 1134 | -10/Mines | Assisted by a Guerilla fighting off Assembled 1157 | -10/Mines | Core integrity fell below 50% 1218 | -10/Mines | Found the Drone Emporium 1220 | -10/Mines | Learned 2 Materials zone layouts 1225 | -10/Mines | Found Prototype Device 1225 | -10/Mines | Identified Thief Drone Bay 1234 | -10/Mines | Discovered new exit (range 25) 1285 | -10/Mines | Core integrity fell below 20% 1303 | -10/Mines | Crushed by falling debris 1303 | -10/Mines | Smashed by cave-in Last Messages --------------- 01269_ The unstable cave ceiling collapses. 01275_ Lgt. Cannon destroyed. 01275_ Lgt. Treads destroyed. 01279_ The unstable cave ceiling collapses. 01280_ U-05 Engineer builds a Wall. 01280_ Ion Engine destroyed. 01284_ U-05 Engineer lays Concrete. 01287_ U-05 Engineer builds a Wall. 01289_ Lgt. Armor Plating destroyed. 01289_ R-06 Scavenger destroyed. 01291_ U-05 Engineer builds a Wall. 01293_ D-53 Grenadier destroyed. 01295_ U-05 Engineer lays Concrete. 01298_ U-05 Engineer builds a Wall. 01299_ Acquired Com. Wheel. 01300_ The unstable cave ceiling collapses. 01300_ Acquired 80 matter. 01302_ U-05 Engineer lays Concrete. 01303_ The unstable cave ceiling collapses. 01303_ Crushed by falling debris. Map ----- +----------------------------------------------------+ | ????# """ ### #????# ???????????? | | ????# #?# #????# #????????????? | | ????# """ """ #?# ##???# #??????######## | | ????# """ """ #?# ##??# #???????# | | ????# """ """ #?# ##?# ##??????# | | ????# #?# #?# ##?????# ##### | | ????# #?# #?## ####### #???# | | ????# ### #??# #???? | | ????###### ####### ##?## $ #???? | | ?????????# #?????# ###### ##########???? | | ?????????# #?????# ##?## #????????????? | | ????###??# #?????# #### ##????????????? | | ????# ### #?????# ## ##?????????????? | | ????# ## #?????# ####??????????????? | | ????# #?????# ##?????????????????? | | ???## ####?????## ###??????????????????? | | ???# ##?????????## ##????????????????????? | | ???# #???????????####?????????????????????? | | ???# ##??????#######??????????????????????? | | ???## ##????## ##?????????????????????? | | ????## #???## ##????????????????????? | | ?????# #???# # #????????????????????? | | ?????## #???# #????????????????????? | | ??????# ##??# #????????????????????? | | ??????# ##?# #????????????????????? | | ??????# ###### | @ ##???????????????????? | | ??????# u ! % ##??????????????????? | | ??????## #????????????????### | | ???????#### % #???????????????## | | ??????????### #######?????????## | | ????????????## #?????????# | | ?????????????# % #######?### | | ?????????????## ### #### !|%! % % | | ??????????????#####?## ##??# !######## #?# | | ????????????????####?####???# #??????????# | | ??????????????### ##???????# !#??????????# | | ????????????### #???????# #??????#### | | ???????????## ##??????# #??????# | | ???????????# ####???# #??????# ### | | ??????????## #???# #??????# #?# | | ??????????# ## #?### #??????# ##* | | ?????????## ### ! ### #??##### ## | | ?????????# ##?# !! ### #?## ## # | | ?????????# #??# ! ##?# #### *%=% | | ?????????# #??# !! #??## # %|%* | | ?????????# ??# ##### %!### ##### | | ?????????# ??# ## ##?# #???? | | ?????????## ??# ### ###??# #???? | | ??????##### ??# #?### #???# #???? | | ?????## ###?# ????## ##??? %#???? | +----------------------------------------------------+ Best States ------------- Heat Dissipation 35 Energy Generation 10 Energy Capacity 250 Matter Stores 300 Matter Capacity 300 Sight Range 16 Terrain Scan Density 10 Armor Coverage 150 Evasion (%) 44 Recoil Reduction 2 Item Schematics ----------------- Hcp. Storage Unit | -10/Materials | Hacked Robot Schematics ------------------ None Fabricated ------------ Nothing Alien Tech Used ----------------- None Achievements -------------- None Challenges ------------ None Game ------ Seed ControlSpreadBlaster Manual? 0 Play Time 00:14:00 Cumulative 292.9 hours Start 2023.10.28 @ 04:40:52 End 2023.10.28 @ 04:53:31 Sessions 1 Manual Loads 0 Difficulty Rogue Special Mode None Game No. 329 Rogue 302 Adventurer 2 Explorer 25 Win Type - Total 19 Types 16/1/0/2/0/0/0/0/0 Lore% 75 Gallery% 80 Achievement% 78 Wizard Run 0 Options --------- ASCII 1 Keyboard 1 Movement Numpad Keybinds 1 Fullscreen 1 Font 18/X11 Map View 76x50 Tactical HUD 1 Map Filters NONE Filters NONE Steam 1 RUN: f97c3284-b3ce-4476-a355-6317ccb096a9